 Dungeon Crawl Stone Soup version 0.20.0-10-g0535bb4 (webtiles) character file.

494 anfisbena the Firebug (level 7, -2/68 HPs)
             Began as an Ogre Fire Elementalist on June 3, 2017.
             Slain by a sky beast (6 damage)
             ... on level 5 of the Dungeon.
             The game lasted 00:09:04 (6335 turns).

anfisbena the Firebug (Ogre Fire Elementalist)      Turns: 6335, Time: 00:09:05

Health: -2/68      AC: 10    Str: 13    XL:     7   Next: 15%
Magic:  1/10       EV: 10    Int: 18    God:
Gold:   284        SH:  0    Dex:  9    Spells: 2/10 levels left

rFire    . . .     SeeInvis .   o - +2 flail (protect)
rCold    . . .     Gourm    .   (no shield)
rNeg     . . .     Faith    .   a - +0 robe
rPois    .         Spirit   .   (helmet restricted)
rElec    .         Reflect  .   (no cloak)
rCorr    .         Harm     .   (gloves unavailable)
MR       .....                  (boots unavailable)
Stlth    +.........             (no amulet)
Regen    0.3/turn               (no ring)
MPRegen  0.2/turn               (no ring)

@: protection aura, very slightly contaminated
A: unfitting armour, tough skin 1
a: no special abilities


You were on level 5 of the Dungeon.
You were hungry.

You visited 1 branch of the dungeon, and saw 5 of its levels.

You collected 284 gold pieces.

Inventory:

Hand Weapons
 o - a +2 flail of protection (weapon)
Armour
 a - a +0 robe (worn)
 r - a +2 cloak
Jewellery
 n - an uncursed ring of ice {unknown}
Scrolls
 d - a scroll of teleportation {unknown}
 e - 2 scrolls of immolation {unknown}
 g - a scroll of magic mapping {unknown}
 h - 3 scrolls of remove curse {unknown}
 j - 4 scrolls of identify {unknown}
 p - a scroll of enchant weapon {unknown}
 q - a scroll of amnesia {unknown}
 s - 2 scrolls of enchant armour {unknown}
 t - a scroll of blinking {unknown}
Potions
 i - a potion of ambrosia {unknown}
 k - a potion of resistance {unknown}
 l - a potion of heal wounds {unknown}
 m - a potion of agility {unknown}
Books
 b - a book of Flames

   Spells                             Type                      Level
   a - Flame Tongue                   Conjuration/Fire             1
   b - Throw Flame                    Conjuration/Fire             2
   c - Conjure Flame                  Conjuration/Fire             3
   d - Inner Flame                    Hexes/Fire                   3
   e - Sticky Flame                   Conjuration/Fire             4
   f - Fireball                       Conjuration/Fire             5
Comestibles
 c - 3 bread rations
 f - a meat ration


   Skills:
 + Level 3.9 Fighting
 - Level 1.7 Dodging
 - Level 1.4 Stealth
 - Level 2.4 Spellcasting
 + Level 4.1 Conjurations
 + Level 5.0 Fire Magic


You had 2 spell levels left.
You knew the following spells:

 Your Spells              Type           Power        Failure   Level  Hunger
a - Flame Tongue          Conj/Fire      ###..        2%          1    #......
b - Sticky Flame          Conj/Fire      ###.....     26%         4    #####..
c - Conjure Flame         Conj/Fire      ###.....     8%          3    ###....


Dungeon Overview and Level Annotations

Branches:
Dungeon (5/15)
 Temple: D:4-7

Altars:
Okawaru


Innate Abilities, Weirdness & Mutations

You are too large for most types of armour.
You have tough skin. (AC +1)


Message History

* * * LOW HITPOINT WARNING * * *
You miss something.
A sky beast appears from thin air!
Reactivating autopickup.
The sky beast hits you but does no damage.
You closely miss the sky beast.
The sky beast is heavily wounded.
The sky beast hits you but does no damage.
You barely miss the sky beast.
The sky beast is heavily wounded.
The sky beast closely misses you. The sky beast barely misses you.
You sock the sky beast!
Your weapon exudes an aura of protection.
The sky beast is almost dead.
The sky beast hits you but does no damage.
You miss the sky beast.
The sky beast is almost dead.
The sky beast hits you.
* * * LOW HITPOINT WARNING * * *
The sky beast shocks you.
You die...

######
######..@.#
........Y.##
##.......<.#
#..........#
............#
............#
......$......#
#..............
................


You could see a sky beast.

Vanquished Creatures
  An ogre (D:4)
  A scorpion (D:4)
  An orc priest (D:3)
  A bullfrog skeleton (D:4)
  5 orc wizards
  A worker ant (D:4)
  4 adders
  An ooze (D:2)
  2 adder skeletons (D:4)
  An adder zombie (D:5)
  5 worms
  3 leopard geckos (D:3)
  9 orcs
  4 giant cockroaches
  9 goblins
  7 hobgoblins
  5 jackals
  7 kobolds
  2 quokkas
  A ball python (D:4)
  12 bats
  A frilled lizard (D:1)
  12 rats
95 creatures vanquished.

Notes
Turn   | Place    | Note
-------+----------+-------------------------------------------
     0 | D:1      | anfisbena the Ogre Fire Elementalist began the quest for the Orb.
     0 | D:1      | Reached XP level 1. HP: 16/16 MP: 3/3
    38 | D:1      | Reached skill level 1 in Conjurations
   305 | D:1      | Reached XP level 2. HP: 18/24 MP: 0/5
   726 | D:1      | Reached skill level 3 in Fire Magic
  1039 | D:1      | Reached XP level 3. HP: 28/31 MP: 3/6
  2289 | D:2      | Reached XP level 4. HP: 39/39 MP: 3/7
  3002 | D:3      | Reached skill level 1 in Fighting
  3002 | D:3      | Reached skill level 4 in Fire Magic
  3002 | D:3      | Reached XP level 5. HP: 38/48 MP: 4/8
  3627 | D:3      | Noticed an orc warrior
  4543 | D:3      | Reached XP level 6. HP: 29/59 MP: 3/9
  4550 | D:3      | Learned a level 4 spell: Sticky Flame
  4554 | D:3      | Learned a level 3 spell: Conjure Flame
  5652 | D:4      | Found an iron altar of Okawaru.
  5662 | D:4      | Reached XP level 7. HP: 40/68 MP: 2/10
  6210 | D:4      | Reached skill level 5 in Fire Magic
  6304 | D:5      | Entered Level 5 of the Dungeon
  6329 | D:5      | HP: 3/68 [something (5)]
  6335 | D:5      | Slain by a sky beast

Skill      XL: |  1  2  3  4  5  6  7 |
---------------+----------------------+-----
Conjurations   | 1 2 3 4 |  4.1
Fire Magic     | 3 4 5 |  5.0
Fighting       | 1 2 3 |  3.9
Dodging        | |  1.7
Stealth        | |  1.4
Spellcasting   | |  2.4

Action                   |  1- 3 |  4- 6 |  7- 9 || total
-------------------------+-------+-------+-------++-------
Melee: Unarmed           |    98 |     1 |       ||    99
       Flail             |       |    68 |    13 ||    81
 Cast: Flame Tongue      |    75 |   106 |    23 ||   204
  Eat: Chunk             |     4 |    12 |     2 ||    18
Armor: Robe              |    57 |    56 |     9 ||   122
Dodge: Dodged            |   102 |    73 |    10 ||   185
